 Dungeon Crawl Stone Soup version 0.19.1-1-g22dce08 (webtiles) character file.

20442 Nyymi the Protected (level 12, -6/110 HPs)
             Began as a Minotaur Berserker on Dec 29, 2016.
             Was the Champion of Trog.
             Mangled by an orc warrior
             ... wielding a +0 short sword
             ... led by an orc knight
              (18 damage)
             ... on level 1 of the Orcish Mines.
             The game lasted 01:29:32 (12628 turns).

Nyymi the Protected (Minotaur Berserker)           Turns: 12628, Time: 01:29:33

Health: -6/110     AC: 22    Str: 32    XL:     12   Next: 45%
Magic:  11/11      EV: 10    Int:  4    God:    Trog [******]
Gold:   736        SH:  0    Dex: 10    Spells: 0 memorised, 11 levels left

rFire  x . .     SeeInvis .     I - +4 halberd (venom)
rCold  + . .     Gourm    .     O - +0 plate armour
rNeg   . . .     Faith    .     (shield currently unavailable)
rPois  .         Spirit   .     (helmet restricted)
rElec  .         Reflect  .     v - +2 cloak
rCorr  .         Harm     .     N - +0 pair of gloves
MR     .....                    g - +0 pair of boots
Stlth  ..........               (no amulet)
                                J - +2 ring of slaying
                                F - ring "Couq" {rF- rC+ Str+5}

@: no status effects
A: retaliatory headbutt, horns 2
a: Berserk, Trog's Hand, Brothers in Arms, Burn Spellbooks, Renounce Religion


You were on level 1 of the Orcish Mines.
You worshipped Trog.
Trog was exalted by your worship.
You were not hungry.

You visited 3 branches of the dungeon, and saw 14 of its levels.
You also visited: Ossuary.

You collected 736 gold pieces.

Inventory:

Hand Weapons
 l - the +4 rapier "Osiriat" {pierce, rC+ rN++}
   (You found it on level 5 of the Dungeon)

   It inflicts extra damage upon your enemies.
   It protects you from cold.
   It greatly protects you from negative energy.
 o - a +2 short sword of venom
 y - the +0 falchion "Soelaj" {freeze, MR+}
   (You found it on level 7 of the Dungeon)

   It has been specially enchanted to freeze those struck by it, causing extra
   injury to most foes and up to half again as much damage against particularly
   susceptible opponents.
   It can also slow down cold-blooded creatures.
   It affects your resistance to hostile enchantments.
 G - a -2 glaive of venom
 I - a +4 halberd of venom (weapon)
 M - a +0 falchion of slicing
 R - a +3 short sword of speed
 V - a +2 halberd of chopping
Armour
 g - a +0 pair of boots (worn)
 n - a +2 chain mail of cold resistance
 v - a +2 cloak (worn)
 N - a +0 pair of gloves (worn)
 O - a +0 plate armour (worn)
Jewellery
 j - an uncursed ring of protection from magic
 q - a +2 ring of strength
 s - an uncursed ring of protection from fire
 u - an uncursed ring of ice
 F - the ring "Couq" (left hand) {rF- rC+ Str+5}
   (You acquired it on level 8 of the Dungeon)

   [ring of protection from cold]

   It affects your strength (+5).
   It makes you vulnerable to fire.
   It protects you from cold.
 J - a +2 ring of slaying (right hand)
 L - a +4 ring of intelligence
 T - an uncursed ring of protection from magic
Wands
 m - a wand of confusion (13/48)
 z - a wand of lightning (15/15)
 A - a wand of random effects (24/48)
 K - a wand of slowing (27/48)
Scrolls
 b - 6 scrolls of remove curse
 d - 3 scrolls of teleportation
 f - a scroll of amnesia
 i - 2 scrolls of fog
 p - 2 scrolls of recharging
 B - a scroll of fear
 C - a scroll of immolation
 U - a scroll of enchant armour {unknown}
Potions
 e - 3 potions of flight
 h - 2 potions of haste
 k - a potion of mutation {unknown}
 r - a potion of heal wounds
 t - 4 potions of curing
 w - 2 potions of agility {unknown}
 x - a potion of resistance {unknown}
 D - 4 potions of invisibility
 E - 4 potions of might
 P - 2 potions of berserk rage {unknown}
 Q - a potion of brilliance {unknown}
 S - 2 potions of lignification {unknown}
Books
 a - a book of Battle

   Spells                             Type                      Level
   a - Infusion                       Charms                       1
   b - Shroud of Golubria             Charms/Translocation         2
   c - Song of Slaying                Charms                       2
   d - Spectral Weapon                Hexes/Charms                 3
   e - Regeneration                   Charms/Necromancy            3
   Trog disapproves of the use of such an item.
Comestibles
 c - 7 bread rations
 H - 3 royal jellies


   Skills:
 + Level 11.2 Fighting
 + Level 11.2 Short Blades
   Level 7.4(10.2) Axes
 + Level 11.0(11.9) Polearms
 + Level 12.7 Armour
 + Level 4.8 Dodging
 + Level 1.5 Stealth


You had 11 spell levels left.
You didn't know any spells.

Dungeon Overview and Level Annotations

Branches:
Dungeon (12/15)            Temple (1/1) D:6             Orc (1/2) D:12
   Lair: D:8-11

Altars:
Ashenzari
Cheibriados
Dithmenos
Elyvilon
Fedhas
Gozag
Hepliaklqana
Kikubaaqudgha
Makhleb
Nemelex Xobeh
Okawaru
Qazlal
Ru
Sif Muna
Trog
Uskayaw
Vehumet
Xom
Yredelemnul
Zin
The Shining One

Shops:
D:5 }   D:7 (   D:11 =[


Innate Abilities, Weirdness & Mutations

You reflexively headbutt those who attack you in melee.
You have a pair of horns on your head.


Message History

You impale the orc knight!!
You kill the orc knight!
Trog accepts your kill.
Your Polearms skill increases to level 11!
The warg bites you but does no damage.
The orc warrior hits you from afar with a halberd!
You slice the warg!! You headbutt the warg!
You kill the warg!
Trog accepts your kill. The orc hits you but does no damage.
The orc warrior hits you with a short sword!
* * * LOW HITPOINT WARNING * * *
The orc misses you.
The orc warrior hits you from afar with a halberd!
* * * LOW HITPOINT WARNING * * *
The orc barely misses you.
There is a staircase back to the Dungeon here.
The orc barely misses you.
The orc warrior hits you with a short sword!!
You die...

....... .......
.......#.#....#
.#..#.#.......#
......#.......#
.#.......^....#
...............
.......$.......
....$..@.......
......oo.>.....
#.....ooo......
#.....o)...#...
...##..........
#. #......$...
# .......###.
.........
.#.........


You could see 3 orc warriors and 3 orcs.

Vanquished Creatures
  A queen ant (D:10)
  The ghost of simples the Basher, a novice GrGl of Zin (D:10)
  5 skeletal warriors (D:12)
  An unseen horror (D:10)
  A hill giant (D:11)
  An orc knight (Orc:1)
  An ugly thing (D:12)
  2 cyclopes
  The ghost of Paps the Cudgeler, a novice GrFi of Trog (D:5)
  The ghost of Nyymi the Chopper, a novice MiBe of Trog (D:6)
  A queen bee (D:8)
  2 trolls (D:11)
  Grinder (D:3)
  2 hippogriffs
  A shadow (D:12)
  A vampire (D:12)
  A wraith (D:12)
  16 yaks
  A hungry ghost (D:11)
  Grum (D:8)
  2 mottled dragons
  2 wargs (Orc:1)
  A water moccasin (D:11)
  7 soldier ants (D:10)
  2 ice beasts
  8 orc warriors
  2 black bears
  3 necrophages
  4 ogres
  2 wolves (D:8)
  2 phantoms
  12 centaurs
  The ghost of Paps the Shield-Bearer, an amateur GrFi of the Shining One (D:3)
  3 big kobolds
  2 elf zombies (Ossuary)
  5 bullfrogs
  A wyvern zombie (D:7)
  A scorpion (D:5)
  15 killer bees (D:8)
  An electric eel (D:6)
  A howler monkey (D:9)
  3 crimson imps
  A quasit (D:12)
  A human zombie (Ossuary)
  3 jellies
  2 centaur skeletons
  A centaur zombie (Ossuary)
  Crazy Yiuf (D:5)
  11 orc priests
  4 hounds
  16 orc wizards
  2 bullfrog skeletons
  7 iguanas
  Terence (D:3)
  34 worker ants
  4 big kobold zombies (Ossuary)
  3 hound zombies
  A hound skeleton (D:6)
  3 mummies (Ossuary)
  3 worker ant zombies
  8 gnolls (D:4)
  A howler monkey skeleton (D:6)
  10 adders
  4 shadow imps
  An ooze (D:2)
  5 adder zombies
  3 worms
  A dart slug (D:1)
  5 leopard geckos
  52 orcs
  3 ball pythons
  7 giant cockroaches
  9 goblins
  10 hobgoblins
  4 jackals
  22 kobolds
  10 quokkas
  8 bats
  12 frilled lizards
  3 giant cockroach zombies (D:3)
  2 goblin zombies
  6 hobgoblin zombies (Ossuary)
  2 jackal skeletons
  4 jackal zombies (Ossuary)
  4 kobold zombies (Ossuary)
  A leopard gecko skeleton (D:5)
  A leopard gecko zombie (D:3)
  A quokka skeleton (D:3)
  6 quokka zombies (Ossuary)
  6 rats
  2 rat zombies
  A withered plant (D:3)
434 creatures vanquished.

Notes
Turn   | Place    | Note
-------+----------+-------------------------------------------
     0 | D:1      | Nyymi the Minotaur Berserker began the quest for the Orb.
     0 | D:1      | Reached XP level 1. HP: 19/19 MP: 0/0
   202 | D:1      | Reached XP level 2. HP: 25/27 MP: 1/1
  1377 | D:2      | Reached XP level 3. HP: 33/34 MP: 2/2
  1641 | D:2      | Reached ** piety under Trog
  1768 | D:2      | Reached XP level 4. HP: 29/41 MP: 3/3
  1873 | D:2      | Reached skill level 5 in Fighting
  2243 | D:3      | Noticed Grinder
  2244 | D:3      | Paralysed by Grinder for 7 turns
  2269 | D:3      | Killed Grinder
  2269 | D:3      | Reached skill level 5 in Axes
  2269 | D:3      | Reached skill level 3 in Armour
  2269 | D:3      | Reached XP level 5. HP: 16/48 MP: 4/4
  2269 | D:3      | Reached XP level 6. HP: 18/56 MP: 5/5
  2315 | D:3      | Noticed Terence
  2327 | D:3      | Reached *** piety under Trog
  2361 | D:3      | Killed Terence
  2361 | D:3      | Reached skill level 4 in Armour
  2544 | D:3      | Noticed Paps's ghost (amateur GrFi)
  2563 | D:3      | Killed Paps's ghost
  2642 | D:3      | Reached XP level 7. HP: 37/62 MP: 6/6
  2879 | D:4      | Reached skill level 1 in Short Blades
  2908 | D:4      | Reached **** piety under Trog
  2922 | D:4      | Found a stormy altar of Qazlal.
  2945 | D:4      | Reached skill level 5 in Armour
  2977 | D:4      | Found a stormy altar of Qazlal.
  2995 | D:4      | Found an iron altar of Okawaru.
  2998 | D:4      | Found an ancient bone altar of Kikubaaqudgha.
  3001 | D:4      | Found a burning altar of Makhleb.
  3564 | D:5      | Entered Level 5 of the Dungeon
  3566 | D:5      | Noticed Paps's ghost (novice GrFi)
  3577 | D:5      | Received a gift from Trog
  3590 | D:5      | Killed Paps's ghost
  3590 | D:5      | Reached skill level 6 in Armour
  3590 | D:5      | Reached XP level 8. HP: 70/70 MP: 7/7
  4028 | D:5      | Got a twisted rapier
  4074 | D:5      | Reached skill level 1 in Stealth
  4193 | D:5      | Identified the +4 rapier "Osiriat" {pierce, rC+ rN++} (You found it on level 5 of the Dungeon)
  4293 | D:5      | Found Ytemn's Gadget Boutique.
  4335 | D:5      | Reached skill level 5 in Short Blades
  4363 | D:5      | Found a white marble altar of Elyvilon.
  4636 | D:5      | Found a runed door.
  4640 | D:5      | Noticed Crazy Yiuf
  4643 | D:5      | Reached skill level 7 in Armour
  4647 | D:5      | Killed Crazy Yiuf
  4834 | D:6      | Found a sand-covered staircase.
  4855 | Ossuary  | Entered an ossuary
  4962 | Ossuary  | Reached XP level 9. HP: 78/78 MP: 8/8
  4986 | Ossuary  | Reached ***** piety under Trog
  5204 | D:6      | Noticed Nyymi's ghost (novice MiBe)
  5220 | D:6      | Killed Nyymi's ghost
  5489 | D:6      | Reached skill level 8 in Armour
  5529 | D:6      | Found a staircase to the Ecumenical Temple.
  5890 | Temple   | Entered the Ecumenical Temple
  6357 | D:7      | Got a fine falchion
  6359 | D:7      | Identified the cursed +0 falchion "Soelaj" {freeze, MR+} (You found it on level 7 of the Dungeon)
  6463 | D:7      | Found Lumpakeu's Antique Weapon Shop.
  6606 | D:7      | Reached XP level 10. HP: 84/86 MP: 9/9
  6786 | D:8      | Identified a scroll of acquirement
  6787 | D:8      | Got a bound jade ring
  6789 | D:8      | Identified the ring "Couq" {rF- rC+ Str+5} (You acquired it on level 8 of the Dungeon)
  7095 | D:8      | Noticed Grum
  7130 | D:8      | Reached skill level 9 in Armour
  7135 | D:8      | Killed Grum
  7135 | D:8      | Reached skill level 10 in Short Blades
  7182 | D:8      | Received a gift from Trog
  7999 | D:9      | Found an opulent altar of Gozag.
  8406 | D:10     | Entered Level 10 of the Dungeon
  8555 | D:10     | Killed an unseen horror
  8558 | D:10     | Reached skill level 10 in Armour
  8821 | D:10     | Noticed simples's ghost (novice GrGl)
  8834 | D:10     | Killed simples's ghost
  8834 | D:10     | Reached skill level 1 in Polearms
  8871 | D:10     | Noticed a queen ant
  8881 | D:10     | Killed a queen ant
  8881 | D:10     | Reached XP level 11. HP: 96/96 MP: 10/10
  9328 | D:10     | Reached ****** piety under Trog
  9481 | D:10     | Reached skill level 5 in Polearms
  9578 | D:11     | Found Illug's Antique Armour Boutique.
  9778 | D:11     | Reached skill level 11 in Armour
  9786 | D:11     | Reached skill level 10 in Fighting
 10004 | D:11     | Received a gift from Trog
 10038 | D:11     | Found Kackiq's Jewellery Boutique.
 10265 | D:11     | Noticed a hill giant
 10273 | D:11     | Killed a hill giant
 10740 | D:12     | Found a blossoming altar of Fedhas.
 10858 | D:12     | Noticed a cyan ugly thing
 10869 | D:12     | Killed a cyan ugly thing
 11258 | D:12     | Noticed a skeletal warrior
 11258 | D:12     | Noticed a skeletal warrior
 11259 | D:12     | Noticed a skeletal warrior
 11260 | D:12     | Noticed a skeletal warrior
 11261 | D:12     | Noticed a skeletal warrior
 11303 | D:12     | Killed a skeletal warrior
 11303 | D:12     | Reached XP level 12. HP: 37/108 MP: 11/11
 11817 | D:12     | Reached skill level 12 in Armour
 11823 | D:12     | Reached skill level 10 in Polearms
 12601 | D:12     | Found a staircase to the Orcish Mines.
 12612 | Orc:1    | Entered Level 1 of the Orcish Mines
 12628 | Orc:1    | Mangled by an orc warrior

Skill      XL: |  1  2  3  4  5  6  7  8  9 10 11 12 |
---------------+-------------------------------------+-----
Fighting       | 4 5 6 8 9 10 11 | 11.2
Axes           | 4 5 6 7 |  7.4
Dodging        | 3 4 |  4.8
Armour         | 3 4 6 7 8 10 11 12 | 12.7
Short Blades   | 4 6 9 11 | 11.2
Stealth        | 1 |  1.5
Polearms       | 2 9 11 | 11.0

Action                   |  1- 3 |  4- 6 |  7- 9 | 10-12 || total
-------------------------+-------+-------+-------+-------++-------
Melee: Hand axe          |    76 |    91 |       |       ||   167
       Headbutt          |    17 |    32 |    75 |   109 ||   233
       Short sword       |       |    36 |   137 |       ||   173
       Rapier            |       |       |   273 |   134 ||   407
       Halberd           |       |       |       |   362 ||   362
Invok: Berserk           |       |     2 |     4 |     4 ||    10
  Use: Scroll            |     1 |       |    11 |    14 ||    26
       Potion            |       |       |       |     4 ||     4
  Eat: Bread ration      |     1 |     1 |     1 |       ||     3
       Fruit             |       |     2 |     1 |     9 ||    12
       Meat ration       |       |       |     2 |     1 ||     3
       Royal jelly       |       |       |       |     5 ||     5
       Beef jerky        |       |       |       |     1 ||     1
Armor: Animal skin       |     5 |       |       |       ||     5
       Leather armour    |     2 |       |       |       ||     2
       Scale mail        |    20 |    21 |       |       ||    41
       Chain mail        |       |    20 |   198 |   185 ||   403
       Plate armour      |       |       |       |   164 ||   164
Dodge: Dodged            |    44 |    63 |   145 |   276 ||   528
